 Dungeon Crawl Stone Soup version 0.21.1-1-g345015fe64 (webtiles) character file.

186 Loge the Chopper (level 5, 0/47 HPs)
             Began as a Minotaur Berserker on July 13, 2018.
             Was a Believer of Trog.
             Killed by divine providence
             ... invoked by an orc priest
              (9 damage)
             ... on level 4 of the Dungeon.
             The game lasted 00:03:25 (2038 turns).

Loge the Chopper (Minotaur Berserker)               Turns: 2038, Time: 00:03:25

Health: 0/47       AC:  5    Str: 23    XL:     5   Next: 38%
Magic:  4/4        EV: 12    Int:  4    God:    Trog [**....]
Gold:   232        SH:  0    Dex:  9    Spells: 4/4 levels left

rFire    . . .     SeeInvis .   a - +0 hand axe
rCold    . . .     Gourm    .   (no shield)
rNeg     . . .     Faith    .   n - +0 ring mail (curse)
rPois    .         Spirit   .   (helmet restricted)
rElec    .         Reflect  .   (no cloak)
rCorr    .         Harm     .   (no gloves)
MR       .....                  (no boots)
Stlth    ..........             (no amulet)
HPRegen  0.15/turn              (no ring)
MPRegen  0.09/turn              (no ring)

@: no status effects
A: retaliatory headbutt, horns 2
a: Berserk, Trog's Hand, Burn Spellbooks, Renounce Religion


You were on level 4 of the Dungeon.
You worshipped Trog.
Trog was pleased with you.
You were not hungry.

You visited 1 branch of the dungeon, and saw 4 of its levels.

You collected 232 gold pieces.

Inventory:

Hand Weapons
 a - a +0 hand axe (weapon)
Missiles
 d - 80 stones (quivered)
 h - 12 sling bullets
 p - 40 arrows
Armour
 n - a cursed +0 ring mail (worn)
Jewellery
 l - a +2 amulet of reflection {unknown}
 o - an uncursed ring of protection from cold {unknown}
 w - a cursed ring of resist corrosion {unknown}
Wands
 u - a wand of flame (17)
Scrolls
 e - 4 scrolls of remove curse {unknown}
 g - 5 scrolls of identify {unknown}
 j - 3 scrolls of enchant weapon {unknown}
 k - 2 scrolls of fog {unknown}
 q - 2 scrolls of teleportation {unknown}
 r - a scroll of blinking {unknown}
Potions
 b - a potion of degeneration {unknown}
 f - a potion of brilliance {unknown}
 m - 2 potions of curing {unknown}
 s - a potion of lignification {unknown}
 t - 2 potions of heal wounds {unknown}
 v - a potion of mutation {unknown}
 x - a potion of magic {unknown}
Comestibles
 c - 5 rations
 i - 4 chunks of flesh


   Skills:
 + Level 4.6 Fighting
 * Level 5.5 Axes
 + Level 3.6 Armour
 + Level 3.3 Dodging


You had 4 spell levels left.
You didn't know any spells.

Dungeon Overview and Level Annotations

Branches:
Dungeon (4/15)             Temple (0/1) D:4

Altars:
Hepliaklqana
Wu Jian
Yredelemnul


Innate Abilities, Weirdness & Mutations

You reflexively headbutt those who attack you in melee.
You have a pair of horns on your head.


Message History

The orc priest begins to cast a cantrip, but forgets the words!
Things that are here:
a flail; 3 tomahawks You are too injured to fight recklessly!
You are too injured to fight recklessly!
You are too injured to fight recklessly!
You are too injured to fight recklessly!
You closely miss the orc priest.
The orc priest is moderately wounded.
The orc priest closely misses you.
The orc priest calls down the wrath of Beogh upon you.
Beogh smites you!
* * * LOW HITPOINT WARNING * * *
You hit the orc priest. Your headbutt misses the orc priest.
The orc priest is severely wounded.
The orc priest hits you with a trident.
* * * LOW HITPOINT WARNING * * *
The orc priest mumbles some strange prayers to Beogh against you.
Beogh smites you!
You die...

..# #.# ##... #.# #.#
#... #.# #.# #.#. #
#.####### #.# #.#.
#.#.......####.####.#.
♣.#..................
#...################
#..#.# ## #@# #o# .o#
#.(# ...# #...# ...##
...#


You could see 2 orc priests.

Vanquished Creatures
  The ghost of SlightEye the Stinger, an amateur OpVM (D:3)
  An adder (D:3)
  An adder skeleton (D:4)
  A worm (D:2)
  4 dart slugs
  A leopard gecko (D:3)
  An orc (D:4)
  5 bats
  4 giant cockroaches (D:2)
  3 hobgoblins
  2 jackals (D:2)
  A quokka (D:3)
  3 frilled lizards
  6 goblins
  3 kobolds
  4 rats
41 creatures vanquished.

Notes
Turn   | Place    | Note
-------+----------+-------------------------------------------
     0 | D:1      | Loge the Minotaur Berserker began the quest for the Orb.
     0 | D:1      | Reached XP level 1. HP: 19/19 MP: 0/0
   247 | D:1      | Reached XP level 2. HP: 27/27 MP: 1/1
   435 | D:1      | Reached skill level 4 in Axes
   665 | D:2      | Found an ornate altar of the Wu Jian Council.
  1099 | D:2      | Found a hazy altar of Hepliaklqana.
  1210 | D:2      | Reached XP level 3. HP: 33/33 MP: 2/2
  1329 | D:2      | Reached ** piety under Trog
  1457 | D:3      | Found a basalt altar of Yredelemnul.
  1478 | D:3      | Noticed SlightEye's ghost (amateur OpVM)
  1494 | D:3      | Killed SlightEye's ghost
  1494 | D:3      | Reached skill level 5 in Axes
  1494 | D:3      | Reached XP level 4. HP: 26/41 MP: 3/3
  1494 | D:3      | Reached XP level 5. HP: 30/47 MP: 4/4
  1965 | D:4      | Found a staircase to the Ecumenical Temple.
  2038 | D:4      | Killed from afar by an orc priest

Skill      XL: |  1  2  3 |
---------------+----------+-----
Axes           | 4 5 |  5.5
Fighting       | 4 |  4.6
Armour         | 3 |  3.6
Dodging        | 3 |  3.3

Action                   |  1- 3 |  4- 6 || total
-------------------------+-------+-------++-------
Melee: Hand axe          |    73 |    34 ||   107
       Headbutt          |     9 |     4 ||    13
Invok: Berserk           |     1 |       ||     1
  Eat: Chunk             |     2 |     2 ||     4
Armor: Animal skin       |     4 |       ||     4
       Ring mail         |    21 |     4 ||    25
Dodge: Dodged            |    38 |    17 ||    55
